 Dungeon Crawl Stone Soup version 0.28.0-43-g3370ac3207 (webtiles) character file.

Game seed: 12789981132815049204

7 pkoi the Digger (level 1, -1/14 HPs)
             Began as a Demigod Earth Elementalist on Mar 24, 2022.
             Slain by a hobgoblin (2 damage)
             ... on level 1 of the Dungeon.
             The game lasted 00:00:25 (70 turns).

pkoi the Digger (Demigod Earth Elementalist)          Turns: 70, Time: 00:00:25

Health: -1/14      AC:  2    Str:  9    XL:     1   Next: 66%
Magic:  1/5        EV: 12    Int: 17    God:
Gold:   0          SH:  0    Dex: 14    Spells: 2/3 levels left

rFire   . . .      SeeInvis .   (no weapon)
rCold   . . .      Faith    .   (no shield)
rNeg    . . .      Spirit   .   b - +0 robe
rPois   .          Reflect  .   (no helmet)
rElec   .          Harm     .   (no cloak)
rCorr   .          Rampage  .   (no gloves)
Will    .....                   (no boots)
Stlth   ++........              (no amulet)
HPRegen 0.04/turn               (no ring)
MPRegen 0.09/turn               (no ring)

@: no status effects
A: high MP 1, forlorn, divine attributes
a: no special abilities


You were on level 1 of the Dungeon.
You visited 1 branch of the dungeon, and saw 1 of its levels.

Inventory:

Missiles
 c - 23 stones
Armour
 b - a +0 robe (worn)


   Skills:
 - Level 1.7 Dodging
 - Level 1.7 Stealth
 + Level 0.2 Unarmed Combat
 + Level 1.9 Spellcasting
 + Level 1.1 Transmutations
 + Level 2.8 Earth Magic


You had 2 spell levels left.
You knew the following spells:

 Your Spells              Type           Power      Damage    Failure   Level
a - Sandblast             Erth           22%        2d7       6%          1

Your spell library contained the following spells:

 Spells                   Type           Power      Damage    Failure   Level
 Passwall                 Tmut/Erth      6%         N/A       13%         2
 Stone Arrow              Conj/Erth      12%        3d7       32%         3
 Petrify                  Tmut/Erth      8%         N/A       65%         4


Dungeon Overview and Level Annotations

Branches:
Dungeon (1/15)


Innate Abilities, Weirdness & Mutations

You have an increased reservoir of magic. (+10% MP)
You shall have no god before yourself.
Your divine heritage dramatically boosts your attributes as you level up.


Message History

You closely miss the hobgoblin.
The hobgoblin is lightly wounded.
The hobgoblin barely misses you. The hobgoblin closely misses you.
You hit the hobgoblin but do no damage.
The hobgoblin is lightly wounded.
The hobgoblin barely misses you. The hobgoblin hits you.
* * * LOW HITPOINT WARNING * * *
You hit the hobgoblin but do no damage.
The hobgoblin is lightly wounded.
The hobgoblin barely misses you. x2
You barely miss the hobgoblin.
The hobgoblin is lightly wounded.
The hobgoblin barely misses you. x2
Unknown command.
Aiming: Sandblast (safe; 6% risk of failure)
Press: ? - help, Q - select action, (/) - cycle Shift-Dir - straight line, f/p - hobgoblin
Aim: a hobgoblin (lightly wounded, 79% to hit)
The blast of sand hits the hobgoblin.
The hobgoblin is severely wounded.
The hobgoblin barely misses you. The hobgoblin hits you.
* * * LOW HITPOINT WARNING * * *
You don't have enough magic to cast this spell.
You don't have enough magic to cast this spell.
Unknown command.
Unknown command.
You closely miss the hobgoblin.
The hobgoblin is severely wounded.
The hobgoblin closely misses you. The hobgoblin barely misses you.
You hit the hobgoblin.
You kill the hobgoblin!
The hobgoblin barely misses you. The hobgoblin closely misses you.
The hobgoblin closely misses you.
Unknown command.
You hit the hobgoblin but do no damage. The hobgoblin closely misses you.
You closely miss the hobgoblin. The hobgoblin hits you.
* * * LOW HITPOINT WARNING * * *
You completely miss the hobgoblin. The hobgoblin barely misses you.
You hit the hobgoblin but do no damage. The hobgoblin hits you.
You die...

.......#...#....#
.....###.8.###..#
.....#.......#..#
.... #.8.<.8.#..#
###. #.......#..#
###.8.###..# .
#...#....#
....##+##....########
.........g@..).......
........###..........
##....#.. ##.........
#....##.# #.........
#... .. #.........
#... #.##.........
#.. ..#......... #..
#.#.........
..........


You could see a hobgoblin.

Vanquished Creatures
  A giant cockroach (D:1)
  A goblin (D:1)
  2 hobgoblins (D:1)
  A kobold (D:1)
5 creatures vanquished.

Notes
Turn   | Place    | Note
-------+----------+-------------------------------------------
     0 | D:1      | pkoi the Demigod Earth Elementalist began the quest for the
                  | Orb.
     0 | D:1      | Reached XP level 1. HP: 14/14 MP: 5/5
    11 | D:1      | Reached skill level 1 in Transmutations
    70 | D:1      | Slain by a hobgoblin

Illustrated notes

Levels and vault maps discovered:
D:1:      dpeg_arrival_simpleton_c, layout_basic,
          hellmonk_ecumenical_altar_inner_sanctum

Skill      XL: |  1 |
---------------+----+-----
Transmutations | 1 |  1.1
Dodging        | |  1.7
Stealth        | |  1.7
Unarmed Combat | |  0.2
Spellcasting   | |  1.9
Earth Magic    | |  2.8

Action                   || total
-------------------------++-------
Melee: Unarmed           ||    13
 Cast: Sandblast         ||     7
Armor: Robe              ||     2
Dodge: Dodged            ||    18
